 Dungeon Crawl Stone Soup version 0.28.0-53-g5a82cb258f (webtiles) character file.

Game seed: 10933361812756493021

1117 Zeld the Thaumaturge (level 8, -17/41 HPs)
             Began as a Deep Elf Conjurer on May 24, 2022.
             Was an Initiate of Gozag.
             Demolished by a two-headed ogre
             ... wielding a +0 dire flail
              (23 damage)
             ... on level 6 of the Dungeon.
             The game lasted 00:06:03 (5792 turns).

Zeld the Thaumaturge (Deep Elf Conjurer)            Turns: 5792, Time: 00:06:04

Health: -17/41     AC:  4    Str:  8    XL:     8   Next: 12%
Magic:  10/22      EV: 11    Int: 26    God:    Gozag
Gold:   619        SH:  0    Dex: 13    Spells: 13/24 levels left

rFire   . . .      SeeInvis .   a - +2 dagger (venom)
rCold   . . .      Faith    .   (no shield)
rNeg    . . .      Spirit   .   i - +0 leather armour of Weightlessness {+Inv Str+4}
rPois   +          Reflect  .   (no helmet)
rElec   .          Harm     .   (no cloak)
rCorr   .          Rampage  .   (no gloves)
Will    .....                   v - +0 pair of boots
Stlth   ++........              (no amulet)
HPRegen 0.13/turn               c - ring of wizardry
MPRegen 0.18/turn               l - ring of poison resistance

@: no status effects
A: no striking features
a: Renounce Religion, Evoke Invisibility, Potion Petition, Call Merchant, Bribe
Branch


You were on level 6 of the Dungeon.
You worshipped Gozag.
Gozag was pleased with you.
You visited 1 branch of the dungeon, and saw 6 of its levels.

You collected 671 gold pieces.
You paid 52 gold pieces to Gozag.

Inventory:

Hand Weapons
 a - a +2 dagger of venom (weapon)
Armour
 i - the +0 leather armour of Weightlessness (worn) {+Inv Str+4}
   (You found it on level 2 of the Dungeon)

   Str:       It affects your strength (+4).
   +Inv:      It lets you turn invisible.
 v - a +0 pair of boots (worn)
Jewellery
 b - a ring of protection from fire
 c - a ring of wizardry (left hand)
 l - a ring of poison resistance (right hand)
Wands
 o - a wand of charming (4)
 s - a wand of acid (5)
Scrolls
 g - a scroll of vulnerability {unknown}
 h - 2 scrolls of identify {unknown}
 j - 3 scrolls of blinking {unknown}
 r - a scroll of brand weapon {unknown}
 t - a scroll of amnesia {unknown}
 u - 3 scrolls of teleportation {unknown}
 y - a scroll of enchant armour {unknown}
Potions
 d - 2 potions of ambrosia {unknown}
 e - a potion of flight {unknown}
 f - 3 potions of attraction {unknown}
 k - 4 potions of brilliance {unknown}
 m - 3 potions of degeneration {unknown}
 n - 2 potions of curing {unknown}
 p - a potion of invisibility {unknown}
 q - a potion of resistance
 w - a potion of might {unknown}
 x - 2 potions of heal wounds {unknown}


   Skills:
 - Level 2.4 Dodging
 - Level 2.4 Stealth
 + Level 8.6 Spellcasting
 * Level 8.6 Conjurations
 - Level 2.0 Hexes
 - Level 2.0 Translocations


You had 13 spell levels left.
You knew the following spells:

 Your Spells              Type           Power      Damage    Failure   Level
a - Magic Dart            Conj           100%       1d8       1%          1
b - Searing Ray           Conj           100%       2d8       1%          2
c - Fulminant Prism       Conj/Hex       19%        3d11      3%          4
d - Iskenderun's Mystic   Conj/Tloc      39%        2d9       3%          4

Your spell library contained the following spells:

 Spells                   Type           Power      Damage    Failure   Level
 Apportation              Tloc           42%        N/A       1%          1
 Dazzling Flash           Conj/Hex       78%        N/A       1%          3
 Portal Projectile        Hex/Tloc       42%        N/A       4%          3
 Ozocubu's Armour         Ice            11%        N/A       9%          3
 Metabolic Englaciation   Hex/Ice        8%         N/A       45%         5
 Alistair's Intoxication  Tmut/Pois      7%         N/A       61%         5
 Blade Hands              Tmut           5%         N/A       61%         5
 Excruciating Wounds      Necr           5%         N/A       61%         5
 Simulacrum               Ice/Necr       5%         N/A       98%         6


Dungeon Overview and Level Annotations

Branches:
Dungeon (6/15)             Temple (0/1) D:4

Altars:
Gozag
Nemelex Xobeh
Xom


Message History

Found a stone staircase leading up.
There is an open door here.
A two-headed ogre comes into view. It is wielding two +0 dire flails.
The two-headed ogre shouts in stereo!
A two-headed ogre is nearby!
Casting: Searing Ray (safe; 1% risk of failure)
Confirm with . or Enter, or press ? or * to list all spells.
Aiming: Searing Ray (safe; 1% risk of failure)
Press: ? - help, Shift-Dir - straight line, f - two-headed ogre
Aim: a two-headed ogre, wielding two +0 dire flails (92% to hit)
The searing ray hits the two-headed ogre.
The two-headed ogre is lightly wounded. (Press . to maintain the ray.) Unknown command.
The searing ray hits the two-headed ogre.
The two-headed ogre is lightly wounded.
The searing ray hits the two-headed ogre!
The two-headed ogre is moderately wounded.
The searing ray hits the two-headed ogre.
The two-headed ogre is moderately wounded.
You finish channelling your searing ray.
The two-headed ogre hits you with a +0 dire flail!
The two-headed ogre hits you with a +0 dire flail!!
* * * LOW HITPOINT WARNING * * *
Casting: Searing Ray (safe; 1% risk of failure)
Confirm with . or Enter, or press ? or * to list all spells.
You erupt in a blast of force!
The mystic blast hits the two-headed ogre!
The two-headed ogre is severely wounded.
The two-headed ogre is knocked back by the mystic blast.
Unknown command.
Casting: Iskenderun's Mystic Blast (dangerous; 3% risk of failure)
Confirm with . or Enter, or press ? or * to list all spells.
You erupt in a blast of force!
The mystic blast hits the two-headed ogre!
The two-headed ogre is severely wounded.
The two-headed ogre hits you with a +0 dire flail!!
Ouch! That really hurt!
You die...
Your body crumbles into a pile of gold.

#######.######.....#
#>.................+
#.###.#######.#....#
#...#..#......+....#
#.......#.#..##....#
#.#.##..#.#..##....#
#.#...(.[.#.####.....
#....................
######...@#.......#
#.##O#######.# #.##.#
#.##.# $ #.##.#
####.##...O....
#####....####......
#...#.#######......
#.#.#.##....# .....


You could see a two-headed ogre.

Vanquished Creatures
  Edmund (D:4)
  2 ogres (D:5)
  2 necrophages
  A phantom (D:5)
  A kobold brigand (D:3)
  3 scorpions
  The ghost of fingers the Cudgeller, a weakling DrBe of Trog (D:3)
  A jelly (D:5)
  A hound (D:4)
  3 iguanas (D:5)
  4 gnolls (D:3)
  A howler monkey skeleton (D:4)
  5 adders
  A dart slug (D:3)
  5 orcs
  4 bats
  4 endoplasms
  6 goblins
  5 hobgoblins
  2 jackals (D:2)
  4 quokkas
  4 ball pythons
  5 frilled lizards
  3 kobolds
  4 rats
73 creatures vanquished.

Vanquished Creatures (others)
  6 plants (D:1)
6 creatures vanquished.

Grand Total: 79 creatures vanquished

Notes
Turn   | Place    | Note
-------+----------+-------------------------------------------
     0 | D:1      | Zeld the Deep Elf Conjurer began the quest for the Orb.
     0 | D:1      | Reached XP level 1. HP: 10/10 MP: 6/6
   561 | D:2      | Reached skill level 1 in Hexes
   610 | D:2      | Reached XP level 2. HP: 15/15 MP: 6/8
   659 | D:2      | Identified the +0 leather armour of Weightlessness {+Inv
                  | Str+4}
   685 | D:2      | Reached skill level 1 in Translocations
   688 | D:2      | Learned a level 2 spell: Searing Ray
   846 | D:2      | Noticed a scorpion
   852 | D:2      | Killed a scorpion
   853 | D:2      | Reached skill level 5 in Conjurations
   853 | D:2      | Reached XP level 3. HP: 19/19 MP: 3/10
   853 | D:2      | Reached XP level 4. HP: 24/24 MP: 3/11
   858 | D:2      | Learned a level 4 spell: Fulminant Prism
  1094 | D:2      | Found a faded altar of an unknown god.
  1630 | D:3      | Found a sparkling altar of Nemelex Xobeh.
  1636 | D:3      | Learned a level 4 spell: Iskenderun's Mystic Blast
  1719 | D:3      | Noticed a kobold brigand
  1721 | D:3      | Found a runed translucent gate.
  1721 | D:3      | Found a runed translucent gate.
  1721 | D:3      | Found a runed translucent gate.
  1721 | D:3      | Found an opulent altar of Gozag.
  1729 | D:3      | Killed a kobold brigand
  1730 | D:3      | Reached XP level 5. HP: 10/28 MP: 3/14
  1730 | D:3      | Noticed fingers's ghost (weakling DrBe)
  1843 | D:3      | Reached skill level 5 in Spellcasting
  1849 | D:3      | Killed fingers's ghost
  1850 | D:3      | Reached XP level 6. HP: 8/32 MP: 0/16
  1964 | D:3      | Became a worshipper of Gozag Ym Sagoz the Greedy
  2314 | D:3      | Found a shimmering altar of Xom.
  3252 | D:4      | Found a staircase to the Ecumenical Temple.
  3373 | D:4      | Noticed Edmund
  3415 | D:4      | Killed Edmund
  3416 | D:4      | Reached XP level 7. HP: 6/36 MP: 14/19
  4137 | D:5      | Entered Level 5 of the Dungeon
  5169 | D:5      | Reached XP level 8. HP: 8/41 MP: 13/22
  5782 | D:6      | Noticed a two-headed ogre
  5792 | D:6      | Demolished by a two-headed ogre

Illustrated notes

Levels and vault maps discovered:
D:1:      roderic_crop_circles_arrival_small, layout_basic
D:2:      layout_loops_ring, chequers_ecumenical_altar_twisty, minivault_14
D:3:      cheibrodos_helix_gallery, layout_basic, nemelex_diamond_rough_becter,
          lemuel_crystal_altar, ebering_ghost_gozag, serial_corexii_hall,
          corexii_hall_statues_i, corexii_hall_statues_i
D:4:      layout_gridville, temple_statues, uniq_edmund
D:5:      layout_rooms
D:6:      layout_basic

Skill      XL: |  1  2  3  4  5  6  7 |
---------------+----------------------+-----
Hexes          | 1 2 |  2.0
Translocations | 2 |  2.0
Conjurations   | 5 6 7 8 |  8.6
Spellcasting   | 4 5 7 8 |  8.6
Dodging        | |  2.4
Stealth        | |  2.4

Action                   |  1- 3 |  4- 6 |  7- 9 || total
-------------------------+-------+-------+-------++-------
Melee: Unarmed           |     5 |       |       ||     5
       Dagger            |       |    32 |    43 ||    75
       Punch             |       |       |     1 ||     1
 Cast: Magic Dart        |    26 |    23 |       ||    49
       Searing Ray       |     1 |    17 |    12 ||    30
       Iskenderun's Myst |       |     2 |     5 ||     7
 Stab: Sleeping          |       |     2 |     1 ||     3
Armor: Robe              |     1 |       |       ||     1
       Leather armour    |       |    15 |    10 ||    25
Dodge: Dodged            |     6 |    26 |    19 ||    51
